AoeStats
← [PVS] SpartacoUsd

Nomad

510078455Analyzed
4v4 RM · 4d ago on Sep 29, 2026· 34m 37s· 8 players
Game mode
Random Map
Map size
231×231
Population
200
Speed
Normal
Resources
Standard
Victory
Conquest
Starting age
Dark Age
Ending age
Imperial Age
RankedLock teamsTeams togetherTeam positionsShared explorationLock speedFull tech treeHidden civsTurbo modeCheats
Victory
Defeat
🇨🇳 Danes · China
1159
+14
🇹🇷 Japanese · Türkiye
1137
+15
🇦🇷 Saxons · Argentina
1118
+16
🇳🇱 Italians · Netherlands
1072
+17
🇬🇧 Persians · United Kingdom
1116
-16
🇵🇪 Ethiopians · Peru
1116
-16
🇮🇹 Huns · Italy
1110
-15
🇮🇱 Magyars · Israel
1095
-15
[PVS] SpartacoUsd
5:29 Loom
14:41 Feudal Age
15:32 Double-Bit Axe
22:12 Fletching
24:33 Castle Age
23:50 Gold Mining
24:04 Padded Archer Armor
24:46 Crossbowman
25:27 Bodkin Arrow
27:12 Medium Warships
30:08 Fishing Lines
32:53 Leather Archer Armor
33:45 Ballistics
33:21 Murder Holes
shalevwood
13:52 Feudal Age
14:54 Double-Bit Axe
17:51 Gold Mining
20:55 Bloodlines
20:54 Scale Barding Armor
20:42 Horse Collar
24:18 Castle Age
24:19 Light Cavalry
30:50 Wheelbarrow
31:06 Heavy Plow
32:26 Husbandry
32:52 Bow Saw
32:37 Fletching
33:16 Chain Barding Armor
33:48 Gold Shaft Mining
33:43 Hand Cart
passami lo sdrogo
3:05 Loom
14:37 Feudal Age
19:01 Castle Age
17:16 Double-Bit Axe
18:00 Gold Mining
18:26 Fletching
18:37 Padded Archer Armor
20:00 Husbandry
20:11 Bloodlines
20:56 Leather Archer Armor
22:03 Ballistics
24:12 Thumb Ring
26:00 Wheelbarrow
26:43 Bodkin Arrow
27:09 Fishing Lines
31:58 Forging
31:53 Scale Barding Armor
32:56 Gold Shaft Mining
32:03 Horse Collar
32:52 Hand Cart
Lamlam
10:31 Loom
16:15 Feudal Age
22:36 Castle Age
21:22 Double-Bit Axe
24:50 Bow Saw
26:07 Horse Collar
28:20 Wheelbarrow
28:34 Bloodlines
28:32 Husbandry
29:46 Heavy Plow
29:57 Scale Barding Armor
30:03 Forging
32:05 Fletching
32:16 Padded Archer Armor
33:14 Bodkin Arrow
32:50 Elite Skirmisher
35:18 Leather Archer Armor
Lunakik
6:01 Loom
11:41 Loom
14:27 Feudal Age
16:58 Horse Collar
20:31 Double-Bit Axe
23:16 Castle Age
22:22 Gold Mining
22:24 Stone Mining
23:20 Gold Mining
25:07 Fletching
25:50 Padded Archer Armor
30:26 Ballistics
31:37 Bodkin Arrow
33:16 Leather Archer Armor
SOG.Vexon
5:08 Loom
15:00 Feudal Age
15:29 Fishing Lines
15:49 Double-Bit Axe
22:43 Castle Age
21:19 Forging
23:16 Stone Mining
23:38 Bow Saw
23:49 Medium Warships
24:24 Iron Casting
25:47 Fletching
26:42 Gillnets
27:29 Bodkin Arrow
29:42 Wheelbarrow
31:41 Gold Mining
33:39 Ballistics
33:06 Horse Collar
34:14 Scale Mail Armor
Subuday Noyan
15:33 Feudal Age
19:58 Castle Age
18:08 Double-Bit Axe
18:19 Stone Mining
18:34 Gold Mining
21:24 Scale Mail Armor
21:35 Forging
22:20 Bow Saw
22:56 Gold Shaft Mining
22:18 Loom
23:06 Chain Mail Armor
22:39 Horse Collar
23:48 Wheelbarrow
23:04 Fishing Lines
24:29 Gillnets
25:28 Heavy Plow
26:58 Hand Cart
30:56 Imperial Age
28:12 Town Watch
29:50 Iron Casting
29:16 Padded Archer Armor
29:01 Crossbowman
29:46 Fletching
31:26 Thumb Ring
32:00 Conscription
31:06 Arbalester
32:52 Plate Mail Armor
32:17 Bodkin Arrow
33:41 Two-Man Saw
33:51 Leather Archer Armor
34:34 Squires
34:19 Arson
34:20 Gambesons
我的哈哈哈
14:41 Feudal Age
15:37 Loom
18:50 Castle Age
16:45 Gold Mining
17:37 Double-Bit Axe
20:11 Bow Saw
21:26 Medium Warships
22:24 Horse Collar
30:06 Wheelbarrow
29:20 Town Watch
35:21 Imperial Age
32:58 Stone Mining
33:14 Scale Mail Armor
33:01 Hamask
34:55 Gold Shaft Mining
34:42 Forging
34:54 Squires
34:40 Arson
35:28 Hand Cart
35:16 Town Patrol
Connection lost

Rejoining the realm…

Still unreachable

The connection could not be restored.

Session expired

The server has moved on; the page needs a fresh start.